 Dungeon Crawl Stone Soup version 0.30-a0-390-g80c34de65d (webtiles) character file.

Game seed: 5407240584955925964

113 purpskrrrp the Shooter (level 4, -2/37 HPs)
             Began as a Demigod Hunter on Dec 4, 2022.
             Succumbed to a kobold brigand's poison
             ... in a sewer.
             The game lasted 00:03:35 (1709 turns).

purpskrrrp the Shooter (Demigod Hunter)             Turns: 1709, Time: 00:03:35

Health: -2/37      AC:  3    Str: 12    XL:     4   Next: 39%
Magic:  6/6        EV: 13    Int: 11    God:
Gold:   85         SH:  0    Dex: 21    Spells: 3/3 levels left

rFire   . . .      SeeInvis .    a - +0 shortbow
rCold   . . .      Faith    .    (shield currently unavailable)
rNeg    . . .      Spirit   +    c - +0 leather armour
rPois   .          Reflect  .    (helmet restricted)
rElec   .          Harm     .    (no cloak)
rCorr   .          Rampage  .    (no gloves)
Will    .....                    (no boots)
Stlth   ++........               i - amulet of guardian spirit
HPRegen 0.26/turn                e - ring of flight
MPRegen 0.10/turn                (no ring)

@: brilliant, lethally poisoned (-2 -> -13), attractive, flying
A: high MP 1, forlorn, divine attributes, horns 1
a: no special abilities


You were in a sewer.
You visited 1 branch of the dungeon, and saw 3 of its levels.
You also visited: Sewer.

You collected 85 gold pieces.

Inventory:

Hand Weapons
 a - a +0 shortbow (weapon)
Armour
 c - a +0 leather armour (worn)
 h - a +0 helmet
Jewellery
 e - a ring of flight (left hand)
 i - an amulet of guardian spirit (around neck)
Scrolls
 k - 2 scrolls of identify
Potions
 l - a potion of might {unknown}
 m - a potion of invisibility {unknown}


   Skills:
 + Level 2.6 Fighting
 * Level 4.2 Ranged Weapons
 + Level 2.6 Dodging
 + Level 2.1 Stealth


You had 3 spell levels left.
You didn't know any spells.
Your spell library was empty.

Dungeon Overview and Level Annotations

Branches:
Dungeon (3/15)              Sewer (1/1)


Innate Abilities, Weirdness & Mutations

You have an increased reservoir of magic. (+10% MP)
You shall have no god before yourself.
Your divine heritage dramatically boosts your attributes as you level up.
You have a pair of small horns on your head.


Message History

The kobold brigand is lightly wounded.
You feel sick.
You are no longer poisoned.
The kobold brigand throws a poisoned dart.
The poisoned dart hits you!
You are poisoned.
Fire: a) +0 shortbow
Press: ? - help, Shift-Dir - straight line, f/p - kobold brigand
Aim: a kobold brigand, wielding a +0 short sword and quivering poisoned darts (lightly wounded, 59% to hit)
You shoot an arrow.
The arrow closely misses the kobold brigand.
The arrow hits the kobold brigand.
The kobold brigand is lightly wounded.
You feel very sick.
The kobold brigand throws a poisoned dart.
The poisoned dart hits you!
You are lethally poisoned!
Fire: a) +0 shortbow
Press: ? - help, Shift-Dir - straight line, f/p - kobold brigand
Aim: a kobold brigand, wielding a +0 short sword and quivering poisoned darts (lightly wounded, 59% to hit)
You shoot an arrow. The arrow hits the kobold brigand.
The kobold brigand is moderately wounded.
* * * LOW HITPOINT WARNING * * *
You feel very sick.
The kobold brigand throws a poisoned dart.
The poisoned dart hits you!
You are more poisoned.
Okay, then.
Really read the scroll of immolation?
As you read the scroll of immolation, it crumbles to dust.
The creatures around you are filled with an inner flame!
* * * LOW HITPOINT WARNING * * *
You feel very sick.
It was a potion of attraction.
You feel attractive to monsters.
* * * LOW HITPOINT WARNING * * *
You feel very sick.
It was a potion of brilliance.
You feel clever all of a sudden.
You die...

#~# #~# #~# #~#
#########~##
#.~~~~~.~~~#######
#~~~~~~~.~...~...####
...#.~≈≈≈~~~~~~~≈~~~~≈≈≈
..)..K≈@≈≈≈≈≈≈≈≈≈≈≈≈≈≈≈≈
...#.~≈≈≈~~~~~~~~~~~~~≈≈
#)~~~~~~~.~......####
#..~.....~.###.###
############ #∩# ###


You could see a kobold brigand (inner flame).

Vanquished Creatures
  An adder (D:3)
  3 river rats (Sewer)
  3 worms
  2 dart slugs
  2 orcs
  8 ball pythons
  6 bats
  An endoplasm (D:2)
  2 giant cockroaches (D:3)
  4 goblins
  6 hobgoblins
  7 jackals
  3 quokkas
  4 frilled lizards
  6 kobolds
  4 rats
62 creatures vanquished.

Notes
Turn   | Place    | Note
-------+----------+-------------------------------------------
     0 | D:1      | purpskrrrp the Demigod Hunter began the quest for the Orb.
     0 | D:1      | Reached XP level 1. HP: 17/17 MP: 3/3
    40 | D:1      | Reached skill level 1 in Stealth
    73 | D:1      | Reached XP level 2. HP: 14/24 MP: 4/4
  1065 | D:2      | Reached XP level 3. HP: 25/29 MP: 5/5
  1249 | D:2      | Reached skill level 4 in Ranged Weapons
  1430 | D:2      | Gained mutation: You are weak. (Str -2) [potion of
                  | mutation]
  1430 | D:2      | Gained mutation: You have large cloven feet. [potion of
                  | mutation]
  1430 | D:2      | Gained mutation: You are robust. (+10% HP) [potion of
                  | mutation]
  1431 | D:2      | Lost mutation: You are weak. (Str -2) [potion of mutation]
  1431 | D:2      | Lost mutation: You have large cloven feet. [potion of
                  | mutation]
  1431 | D:2      | Lost mutation: You are robust. (+10% HP) [potion of
                  | mutation]
  1431 | D:2      | Gained mutation: You have a pair of small horns on your
                  | head. [potion of mutation]
  1503 | D:3      | Reached XP level 4. HP: 37/37 MP: 6/6
  1505 | D:3      | Found a glowing drain.
  1512 | Sewer    | Entered a sewer
  1529 | Sewer    | HP: 1/37 [river rat (4)]
  1693 | Sewer    | Noticed a kobold brigand
  1696 | Sewer    | Noticed a kobold brigand
  1708 | Sewer    | HP: 1/37 [poisoned by a kobold brigand]
  1709 | Sewer    | Succumbed to a kobold brigand's poison

Illustrated notes

Levels and vault maps discovered:
D:1:      matt_arrival_los_fun, layout_loops_corners,
          ebering_ecumenical_altar_box
D:2:      layout_rooms
D:3:      layout_basic, lemuel_round_altar, lemuel_tele_altar,
          gup_sewer_entry_bubbles
Sewer:    sewer_kobolds

Skill      XL: |  1  2  3 |
---------------+----------+-----
Stealth        | 1 2 |  2.1
Fighting       | 2 |  2.6
Dodging        | 2 |  2.6
Ranged Weapons | 4 |  4.2

Action                   |  1- 3 |  4- 6 || total
-------------------------+-------+-------++-------
 Fire: Shortbow          |   140 |    38 ||   178
  Use: Scroll            |     3 |     1 ||     4
       Potion            |     2 |     3 ||     5
Armor: Leather armour    |    11 |     1 ||    12
Dodge: Dodged            |    36 |    19 ||    55

Table legend: (Time is in decaauts)
 A = Elapsed time spent in this place.
 B = Non-inter-level travel time spent in this place.
 C = Inter-level travel time spent in this place.
 D = Time resting spent in this place.
 E = Time spent auto-exploring this place.
 F = Levels seen in this place.
 G = Mean time per level.
                   A        B        C        D        E       F      G
               +--------+--------+--------+--------+--------+-----+--------+
         Total |   1773 |   1749 |     24 |    210 |   1156 |   4 |  443.2 |
       Dungeon |   1560 |   1536 |     24 |    102 |   1112 |   3 |  520.0 |
         Sewer |    213 |    213 |      0 |    108 |     44 |   1 |  213.0 |
               +--------+--------+--------+--------+--------+-----+--------+

Top non-repeatable levels by time:
     D:1: 1040 daAuts
     D:2: 430 daAuts
   Sewer: 213 daAuts
     D:3: 89 daAuts
